 Dungeon Crawl Stone Soup version 0.24.0-125-gc4c63601f3 (webtiles) character file.

Game seed: 9471776572399352233, levelgen mode: deterministic

79 lepoulpe303 the Sneak (level 4, -1/21 HPs)
             Began as a Spriggan Enchanter on Mar 6, 2020.
             Slain by a bullfrog (7 damage)
             ... on level 2 of the Dungeon.
             The game lasted 00:05:45 (1900 turns).

lepoulpe303 the Sneak (Spriggan Enchanter)          Turns: 1900, Time: 00:05:46

Health: -1/21      AC:  2    Str:  4    XL:     4   Next: 16%
Magic:  8/9        EV: 18    Int: 17    God:
Gold:   96         SH:  0    Dex: 16    Spells: 2/8 levels left

rFire    . . .     SeeInvis +   a - +1 short sword (speed)
rCold    . . .     Gourm    .   (shield restricted)
rNeg     . . .     Faith    .   f - +0 robe
rPois    .         Spirit   .   (helmet restricted)
rElec    .         Reflect  .   (no cloak)
rCorr    .         Harm     .   (gloves unavailable)
MR       .....                  (boots unavailable)
Stlth    +++.......             (no amulet)
HPRegen  0.07/turn              (no ring)
MPRegen  0.11/turn              (no ring)

@: very quick
A: very small, unfitting armour, see invisible, herbivore, speed 3, slow
metabolism 2
a: no special abilities


You were on level 2 of the Dungeon.
You were not hungry.

You visited 1 branch of the dungeon, and saw 2 of its levels.

You collected 96 gold pieces.

Inventory:

Hand Weapons
 a - a +1 short sword of speed (weapon)
 b - a +3 dagger
Armour
 f - a +0 robe (worn)
Jewellery
 m - an uncursed ring of poison resistance {unknown}
Scrolls
 g - a scroll of blinking {unknown}
 h - a scroll of enchant weapon {unknown}
 j - 2 scrolls of identify {unknown}
Potions
 c - a potion of lignification {unknown}
 d - a potion of mutation {unknown}
 i - a potion of curing {unknown}
 k - a potion of brilliance {unknown}
 l - a potion of agility {unknown}
Comestibles
 e - 7 rations


   Skills:
 + Level 3.2 Short Blades
 - Level 3.0 Dodging
 + Level 6.3 Stealth
 - Level 2.6 Spellcasting
 - Level 3.6 Hexes


You had 2 spell levels left.
You knew the following spells:

 Your Spells              Type           Power        Failure   Level  Hunger
a - Ensorcelled Hibernat  Hex/Ice        #.....       13%         2    ##.....
c - Confuse               Hex            ##......     12%         3    ###....
v - Corona                Hex            ##.....      4%          1    #......

Your spell library contained the following spells:

 Spells                   Type           Power        Failure   Level  Hunger
 Tukima's Dance           Hex            ##......     12%         3    ###....
 Dazzling Spray           Conj/Hex       #.....       26%         3    ###....


Dungeon Overview and Level Annotations

Branches:
Dungeon (2/15)

Altars:
Ru


Innate Abilities, Weirdness & Mutations

You are very small and have problems with some larger weapons.
You are too small for most types of armour.
You have supernaturally acute eyesight. (SInv)
You are a herbivore.
You cover ground extremely quickly.
You need to consume almost no food.


Message History

MASSIVE DAMAGE!!
You barely miss the bullfrog. You barely miss the bullfrog.
The bullfrog completely misses you. The bullfrog closely misses you.
You hit the bullfrog. You hit the bullfrog. The bullfrog hits you.
* * * LOW HITPOINT WARNING * * *
You take 4 damage, and have 9/21 hp.
You hit the bullfrog. The bullfrog hits you.
* * * LOW HITPOINT WARNING * * *
You take 3 damage, and have 6/21 hp.
You hit the bullfrog. The bullfrog misses you.
You closely miss the bullfrog.
The bullfrog hits you but does no damage.
You closely miss the bullfrog. The bullfrog hits you.
* * * LOW HITPOINT WARNING * * *
You take 1 damage, and have 5/21 hp.
You barely miss the bullfrog. The bullfrog closely misses you.
You barely miss the bullfrog. The bullfrog hits you!
You die...

### #####.## ..†..#.##
.##.###.#################
.#.## ##........@Fg>.....
.##.###.#################
.###.#.## .####.##
#.######### ##........#
#....####.#
################# ...#.#
#.# #........).......
##...#
#.#######.######..######.


You could see a bullfrog and a goblin.

Levels and vault maps discovered:
D:1:      onia_arrival_handbag, layout_basic
D:2:      layout_loops_ring, overflow_temple_1_default

Notes
Turn   | Place    | Note
-------+----------+-------------------------------------------
     0 | D:1      | lepoulpe303 the Spriggan Enchanter began the quest for the
                  | Orb.
     0 | D:1      | Reached XP level 1. HP: 9/9 MP: 5/5
     3 | D:1      | Identified a +3 dagger
    63 | D:1      | Identified a +0 club
   187 | D:1      | Identified a +1 short sword of speed
   191 | D:1      | Identified a +0 dagger
   199 | D:1      | Identified a cursed -1 club
   213 | D:1      | Reached skill level 5 in Stealth
   213 | D:1      | Reached XP level 2. HP: 9/13 MP: 6/6
   227 | D:1      | HP: 2/13 [hobgoblin/cursed -1 club (3)]
   229 | D:1      | Reached skill level 2 in Short Blades
   718 | D:1      | Learned a level 2 spell: Ensorcelled Hibernation
   956 | D:2      | Found a sacrificial altar of Ru.
   980 | D:2      | Identified a +0 dagger
   995 | D:2      | Reached XP level 3. HP: 16/16 MP: 8/8
  1315 | D:2      | Learned a level 3 spell: Confuse
  1565 | D:2      | Reached skill level 3 in Short Blades
  1565 | D:2      | Reached skill level 6 in Stealth
  1663 | D:2      | Reached XP level 4. HP: 21/21 MP: 5/9
  1877 | D:2      | Noticed a bullfrog
  1877 | D:2      | Identified a +1 dagger of draining
  1898 | D:2      | HP: 5/21 [bullfrog (1)]
  1900 | D:2      | Slain by a bullfrog

Table legend:
 A = Turns spent in this place as a percentage of turns spent in the entire game.
 B = Non-inter-level travel turns spent in this place as a percentage of non-inter-level travel turns spent in the entire game.
 C = Inter-level travel turns spent in this place as a percentage of turns spent in this place.
 D = Turns resting spent in this place as a percentage of non-inter-level travel turns spent in this place.
 E = Turns spent auto-exploring this place as a percentage of non-inter-level travel turns spent in this place.
 F = Non-inter-level travel turns spent in this place divided by the number of levels of this place that you've seen.
                   A       B       C       D       E      F
               +-------+-------+-------+-------+-------+----------------------
         Total | 100.0 | 100.0 |   2.7 |  31.5 |  46.6 | 924.5
       Dungeon | 100.0 | 100.0 |   2.7 |  31.5 |  46.6 | 924.5
               +-------+-------+-------+-------+-------+----------------------

Table legend:
 A = Kills in this place as a percentage of kills in entire the game.
 B = Kills by you in this place as a percentage of kills by you in the entire game.
 C = Kills by friends in this place as a percentage of kills by friends in the entire game.
 D = Other kills in this place as a percentage of other kills in the entire game.
 E = Experience gained in this place as a percentage of experience gained in the entire game.
 F = Experience gained in this place divided by the number of levels of this place that you have seen.
                   A       B       C       D       E      F
               +-------+-------+-------+-------+-------+----------------------
         Total | 100.0 | 100.0 |   N/A |   N/A | 100.0 |  56.5
       Dungeon | 100.0 | 100.0 |   N/A |   N/A | 100.0 |  56.5
               +-------+-------+-------+-------+-------+----------------------

Skill      XL: |  1  2  3 |
---------------+----------+-----
Stealth        | 5 6 |  6.3
Short Blades   | 2 3 |  3.2
Dodging        | |  3.0
Spellcasting   | |  2.6
Hexes          | |  3.6

Action                   |  1- 3 |  4- 6 || total
-------------------------+-------+-------++-------
Melee: Dagger            |    43 |       ||    43
       Short sword       |    60 |    27 ||    87
 Cast: Ensorcelled Hiber |     4 |     1 ||     5
       Confuse           |     2 |       ||     2
 Stab: Sleeping          |    11 |     2 ||    13
       Confused          |     1 |       ||     1
Armor: Robe              |     5 |     1 ||     6
Dodge: Dodged            |    53 |    14 ||    67

Vanquished Creatures
  4 adders (D:2)
  An ooze (D:1)
  A leopard gecko (D:2)
  A ball python (D:1)
  A giant cockroach (D:2)
  4 hobgoblins
  8 jackals
  A bat (D:2)
  4 frilled lizards
  6 goblins
  2 kobolds (D:1)
  6 rats
39 creatures vanquished.
